 Dungeon Crawl Stone Soup version 0.31-a0-435-g2c6fae2916 (webtiles) character file.

Game seed: 267577597173318380

1904 AdnanSaban the Cudgeller (level 9, -6/55 HPs)
             Began as a Gargoyle Fighter on Aug 1, 2023.
             Was a Priest of Okawaru.
             Mangled by Prince Ribbit (12 damage)
             ... on level 4 of the Dungeon.
             The game lasted 00:06:32 (5637 turns).

AdnanSaban the Cudgeller (Gargoyle Fighter)         Turns: 5637, Time: 00:06:33

Health: -6/55      AC: 21    Str: 23    XL:     9   Next: 16%
Magic:  9/9        EV:  9    Int: 13    God:    Okawaru [***...]
Gold:   329        SH:  5    Dex:  9    Spells: 8/8 levels left

rFire   . . .        a - +0 flail
rCold   . . .        c - +0 buckler
rNeg    + . .        h - +0 chain mail
rPois   ∞            w - +2 helmet {Int+3}
rElec   +            (no cloak)
rCorr   .            (no gloves)
SInv    .            p - +0 pair of boots
Will    .....        (no amulet) Stlth
                     (no ring)
HPRegen 0.29/turn    (no ring)
MPRegen 0.11/turn

%: no passive effects
@: no status effects
A: sickness immunity, AC +6, negative energy resistance 1, electricity
resistance, torment resistance 1, petrification resistance
a: Renounce Religion, Heroism


You were on level 4 of the Dungeon.
You worshipped Okawaru.
Okawaru was most pleased with you.
You visited 1 branch of the dungeon, and saw 6 of its levels.

You collected 329 gold pieces.

Inventory:

Hand Weapons
 a - a +0 flail (weapon)
Missiles
 m - 5 boomerangs (quivered)
 D - 2 javelins
 E - 5 poisoned darts
Armour
 c - a +0 buckler (worn)
 h - a +0 chain mail (worn)
 p - a +0 pair of boots (worn)
 w - a +2 helmet of intelligence (worn)
Wands
 i - a wand of mindburst (11)
 r - a wand of flame (40)
 v - a wand of iceblast (5)
 y - a wand of polymorph (9)
 B - a wand of quicksilver (3)
 C - a wand of paralysis (15)
Scrolls
 b - a scroll of immolation {unknown}
 f - 3 scrolls of vulnerability {unknown}
 j - 6 scrolls of identify {unknown}
 k - 2 scrolls of enchant armour {unknown}
 n - 2 scrolls of teleportation {unknown}
 o - a scroll of blinking {unknown}
 q - a scroll of poison {unknown}
 u - a scroll of noise {unknown}
Potions
 d - 4 potions of might
 e - 3 potions of heal wounds {unknown}
 g - 4 potions of curing {unknown}
 l - 3 potions of lignification {unknown}
 s - a potion of ambrosia {unknown}
 t - a potion of resistance {unknown}
 x - a potion of mutation {unknown}
 z - a potion of enlightenment {unknown}
 A - a potion of degeneration {unknown}


   Skills:
 + Level 6.0 Fighting
 + Level 7.9 Maces & Flails
 + Level 0.2 Throwing
 + Level 6.4 Armour
 + Level 2.5 Dodging
 + Level 0.6 Stealth
 + Level 5.6 Shields


You had 8 spell levels left.
You didn't know any spells.
Your spell library contained the following spells:

 Spells                   Type           Power      Damage    Failure   Level
 Magic Dart               Conj           0%         1d3       89%         1
 Lesser Beckoning         Tloc           0%         N/A       96%         2
 Frozen Ramparts          Ice            0%         1d1       99%         3
 Gell's Gravitas          Tloc           0%         N/A       99%         3
 Mephitic Cloud           Conj/Pois/Air  0%         N/A       99%         3
 Teleport Other           Tloc           0%         N/A       99%         3
 Petrify                  Tmut/Erth      0%         N/A       100%        4
 Metabolic Englaciation   Hex/Ice        0%         N/A       100%        5
 Call Imp                 Summ           Unusable   N/A       N/A         2

Dungeon Overview and Level Annotations

Branches:
Dungeon (6/15)             Temple (0/1) D:6

Altars:
Gozag
Nemelex Xobeh
Okawaru
Wu Jian
Yredelemnul

Shops:
D:4 *

Annotations:
D:4 Prince Ribbit


Innate Abilities, Weirdness & Mutations

You are immune to sickness and miasma.
Your stone body is resilient. (AC +6)
You are immune to poison.
You resist negative energy. (rN+)
You are resistant to electric shocks. (rElec)
You are resistant to unholy torment.
You are immune to petrification.


Message History

You are too injured to fight recklessly!
You are too injured to fight recklessly!
You are too injured to fight recklessly!
You are too injured to fight recklessly!
You hit Prince Ribbit.
Prince Ribbit is almost dead.
Prince Ribbit blinks! x2
You throw a boomerang.
The boomerang barely misses Prince Ribbit.
You throw a boomerang.
The boomerang closely misses Prince Ribbit.
Prince Ribbit blinks!
You throw a boomerang.
The boomerang barely misses Prince Ribbit.
Prince Ribbit blinks!
You throw a boomerang. The boomerang misses Prince Ribbit.
Prince Ribbit hits you but does no damage.
You closely miss Prince Ribbit.
Prince Ribbit is severely wounded.
Prince Ribbit hits you!
You completely miss Prince Ribbit.
Prince Ribbit is severely wounded.
Prince Ribbit barely misses you.
Prince Ribbit hits you but does no damage.
You miss Prince Ribbit.
Prince Ribbit is severely wounded.
Prince Ribbit hits you.
* * * LOW HITPOINT WARNING * * *
Prince Ribbit closely misses you.
You hit Prince Ribbit but do no damage.
Prince Ribbit is severely wounded.
Prince Ribbit hits you but does no damage.
You closely miss Prince Ribbit.
Prince Ribbit is severely wounded.
Prince Ribbit hits you!
* * * LOW HITPOINT WARNING * * *
You hit Prince Ribbit.
Prince Ribbit is severely wounded.
Prince Ribbit misses you. Prince Ribbit hits you!
You die...

####### #.o...## ##o###..########
###...###........###########
#...∩...#........#.......#..
#.#...#.#.......(#.......'..
#o##.##.#........#.......#..
#..#....#.....[..#.......#..
#####.######.F@.....#.......#..
#..........'........'.......#..
#..........#........###########
#..........#...................
####.#####...#.................).
..##.##.##...#...................
.............#...................
.............#...................
.............#........###########


You could see Prince Ribbit.

Vanquished Creatures
  Grinder (D:5)
  Eustachio (D:4)
  Sigmund (D:5)
  Menkaure (D:6)
  A sky beast (D:6)
  2 black bears (D:6)
  An ice beast (D:6)
  2 centaurs
  A bullfrog (D:6)
  A scorpion (D:6)
  A howler monkey (D:5)
  3 hounds
  4 orc priests
  A jelly (D:5)
  Jessica (D:2)
  3 sleepcaps
  4 iguanas
  Ijyb (D:4)
  4 gnolls
  4 adders
  2 ufetubi
  A worm (D:4)
  A dart slug (D:1)
  15 orcs
  6 endoplasms
  4 giant cockroaches
  8 goblins
  2 hobgoblins
  3 quokkas
  6 ball pythons
  6 bats
  2 frilled lizards (D:2)
  2 kobolds
  5 rats
101 creatures vanquished.

Notes
Turn   | Place    | Note
-------+----------+-------------------------------------------
     0 | D:1      | AdnanSaban the Gargoyle Fighter began the quest for the
                  | Orb.
     0 | D:1      | Reached XP level 1. HP: 14/14 MP: 1/1
    84 | D:1      | Reached XP level 2. HP: 11/19 MP: 2/2
   757 | D:2      | Noticed Jessica
   766 | D:2      | Killed Jessica
   767 | D:2      | Reached XP level 3. HP: 24/24 MP: 3/3
  1028 | D:2      | Reached XP level 4. HP: 29/29 MP: 4/4
  1124 | D:2      | Reached skill level 3 in Maces & Flails
  1558 | D:2      | Identified the +5 spear of Exquisite Torment {freeze, rPois
                  | rC- rCorr Str-4}
  1733 | D:3      | Reached XP level 5. HP: 28/33 MP: 5/5
  1843 | D:3      | Found a faded altar of an unknown god.
  1910 | D:3      | Found an iron altar of Okawaru.
  1911 | D:3      | Found an opulent altar of Gozag.
  1912 | D:3      | Found a sparkling altar of Nemelex Xobeh.
  1912 | D:3      | Found a basalt altar of Yredelemnul.
  1920 | D:3      | Became a worshipper of Warmaster Okawaru
  2659 | D:4      | Reached skill level 1 in Dodging
  2707 | D:4      | Reached skill level 4 in Maces & Flails
  2707 | D:4      | Reached XP level 6. HP: 30/38 MP: 6/6
  2747 | D:4      | Found Kynoxel's Gadget Gallery.
  2809 | D:5      | Entered Level 5 of the Dungeon
  3606 | D:5      | Noticed Ijyb
  3668 | D:4      | Reached skill level 5 in Maces & Flails
  3676 | D:4      | Killed Ijyb
  3800 | D:5      | Reached XP level 7. HP: 38/44 MP: 7/7
  3801 | D:5      | Reached * piety under Okawaru
  4022 | D:5      | Noticed Eustachio
  4023 | D:5      | Noticed Sigmund
  4061 | D:4      | Reached skill level 5 in Armour
  4146 | D:4      | Killed Eustachio
  4147 | D:4      | Reached skill level 5 in Fighting
  4179 | D:5      | Killed Sigmund
  4180 | D:5      | Reached skill level 6 in Maces & Flails
  4180 | D:5      | Reached XP level 8. HP: 38/49 MP: 8/8
  4277 | D:5      | Reached ** piety under Okawaru
  4393 | D:5      | Noticed Grinder
  4409 | D:5      | Paralysed by Grinder for 3 turns
  4413 | D:5      | Killed Grinder
  4464 | D:5      | Noticed Prince Ribbit
  4887 | D:6      | Noticed Menkaure
  4904 | D:6      | Killed Menkaure
  4905 | D:6      | Reached skill level 5 in Shields
  5045 | D:6      | Found an ornate altar of the Wu Jian Council.
  5115 | D:6      | Reached skill level 7 in Maces & Flails
  5120 | D:6      | Found a staircase to the Ecumenical Temple.
  5143 | D:6      | Reached XP level 9. HP: 54/55 MP: 9/9
  5238 | D:6      | Reached *** piety under Okawaru
  5637 | D:4      | Mangled by Prince Ribbit

Illustrated notes

Levels and vault maps discovered:
D:1:      amcnicky_arrival_feature_with_door, layout_basic,
          chequers_serial_rivers_micro_b
D:2:      layout_basic, uniq_jessica
D:3:      layout_loops_cross, chequers_temple_overflow_statue_of_worship,
          chequers_ecumenical_altar_simple, minmay_curled_crystal
D:4:      layout_gridville, minmay_stone_trees_small, nicolae_shop_gadgets
D:5:      layout_basic, uniq_prince_ribbit1, uniq_eustachio, uniq_sigmund,
          uniq_grinder, uniq_ijyb
D:6:      layout_loops_ring, nicolae_overflow_crystal_walls,
          minmay_temple_entry_mist, uniq_menkaure

Skill      XL: |  1  2  3  4  5  6  7  8  9 |
---------------+----------------------------+-----
Maces & Flails | 3 4 5 6 7 |  7.9
Armour         | 4 5 6 |  6.4
Fighting       | 4 5 6 |  6.0
Shields        | 4 5 |  5.6
Dodging        | 1 2 |  2.5
Throwing       | |  0.2
Stealth        | |  0.6

Action                     |  1- 3 |  4- 6 |  7- 9 || total
---------------------------+-------+-------+-------++-------
  Melee: Flail             |    94 |   192 |   238 ||   524
  Throw: Boomerang         |       |       |     6 ||     6
 Armour: Scale mail        |    33 |       |       ||    33
         Chain mail        |    42 |   109 |   162 ||   313
  Dodge: Dodged            |    50 |    94 |   118 ||   262
  Block: Buckler           |    26 |    43 |    61 ||   130

Table legend: (Time is in decaauts)
 A = Elapsed time spent in this place.
 B = Non-inter-level travel time spent in this place.
 C = Inter-level travel time spent in this place.
 D = Time resting spent in this place.
 E = Time spent auto-exploring this place.
 F = Levels seen in this place.
 G = Mean time per level.
                   A        B        C        D        E       F      G
               +--------+--------+--------+--------+--------+-----+--------+
         Total |   5750 |   5535 |    215 |    496 |   3700 |   6 |  958.3 |
       Dungeon |   5750 |   5535 |    215 |    496 |   3700 |   6 |  958.3 |
               +--------+--------+--------+--------+--------+-----+--------+

Top non-repeatable levels by time:
     D:5: 1269 daAuts
     D:4: 1050 daAuts
     D:3: 906 daAuts
     D:1: 884 daAuts
     D:2: 873 daAuts
     D:6: 766 daAuts
